 Dungeon Crawl Stone Soup version 0.29-a0-380-gf50f0a9fbc (webtiles) character file.

Game seed: 623694302821752529

95 Antichthon the Skirmisher (level 4, -7/35 HPs)
             Began as a Formicid Abyssal Knight on May 5, 2022.
             Was a Believer of Lugonu.
             Killed from afar by Ijyb (27 damage)
             ... with a bolt of acid
             ... on level 3 of the Dungeon.
             The game lasted 00:03:30 (3095 turns).

Antichthon the Skirmisher (Formicid Abyssal Knight) Turns: 3095, Time: 00:03:30

Health: -7/35      AC:  3    Str: 18    XL:     4   Next: 97%
Magic:  5/5        EV: 11    Int:  9    God:    Lugonu [**....]
Gold:   177        SH:  0    Dex: 13    Spells: 3/3 levels left

rFire   . . .      SeeInvis +   a - +0 battleaxe
rCold   . . .      Faith    .   (no shield)
rNeg    . . .      Spirit   .   b - +0 leather armour
rPois   .          Reflect  .   (helmet unavailable)
rElec   .          Harm     .   j - +1 cloak
rCorr   .          Rampage  .   (no gloves)
Will    .....                   (no boots)
Stlth   +.........              (no amulet)
HPRegen 0.11/turn               (no ring)
MPRegen 0.09/turn               (no ring)

@: no status effects
A: permanent stasis, dig shafts and tunnels, antennae 3, four strong arms, beak,
deformed body, screaming 1
a: Dig, Shaft Self, Renounce Religion, Depart the Abyss, Bend Space


You were on level 3 of the Dungeon.
You worshipped Lugonu.
Lugonu was pleased with you.
You visited 1 branch of the dungeon, and saw 3 of its levels.
You visited the Abyss 1 time.

You collected 177 gold pieces.

Inventory:

Hand Weapons
 a - a +0 battleaxe (weapon)
Armour
 b - a +0 leather armour (worn)
 j - a +1 cloak (worn)
Jewellery
 e - a ring of protection from fire
Scrolls
 i - a scroll of blinking {unknown}
Potions
 c - a potion of degeneration {unknown}
 d - a potion of flight
 f - a potion of brilliance
 g - a potion of might {unknown}
 h - a potion of heal wounds {unknown}
 l - a potion of berserk rage {unknown}


   Skills:
 * Level 3.5 Fighting
 * Level 2.2 Axes
 * Level 3.3 Crossbows
 * Level 2.5 Armour
 * Level 1.0 Dodging
 * Level 0.1 Stealth
 * Level 0.3 Shields
 * Level 2.2 Invocations
 * Level 0.3 Evocations


You had 3 spell levels left.
You didn't know any spells.
Your spell library contained the following spells:

 Spells                   Type           Power      Damage    Failure   Level
 Summon Small Mammal      Summ           0%         N/A       43%         1
 Call Canine Familiar     Summ           0%         N/A       82%         3
 Portal Projectile        Hex/Tloc       0%         N/A       82%         3
 Stone Arrow              Conj/Erth      0%         3d7       82%         3
 Animate Armour           Summ/Erth      0%         N/A       99%         4
 Leda's Liquefaction      Hex/Erth       0%         N/A       99%         4
 Blade Hands              Tmut           0%         N/A       100%        5
 Excruciating Wounds      Necr           0%         N/A       100%        5
 Lehudib's Crystal Spear  Conj/Erth      0%         10d2      100%        8


Dungeon Overview and Level Annotations

Branches:
Dungeon (3/15)

Altars:
Yredelemnul

Annotations:
D:3 Ijyb


Innate Abilities, Weirdness & Mutations

You cannot be hasted, slowed, berserked, paralysed or teleported.
You can dig through walls and to a lower floor.
You have a pair of large antennae on your head. (SInv)
Your four strong arms can wield two-handed weapons with a shield.
You have a beak for a mouth.
Armour fits poorly on your strangely shaped body.
You occasionally shout uncontrollably at your foes.


Message History

The ball python constricts you.
The ball python bites you but does no damage.
The ball python constricts you.
You closely miss the ball python. Your peck misses the ball python.
The ball python bites you but does no damage.
The ball python constricts you.
The ball python bites you but does no damage.
The ball python constricts you.
You hit the ball python but do no damage.
The ball python misses you. The ball python constricts you.
The ball python closely misses you. The ball python constricts you.
You closely miss the ball python. Your peck misses the ball python.
The ball python barely misses you. The ball python constricts you.
You slash the ball python!
You kill the ball python!
Lugonu accepts your kill.
You see here a ball python corpse.
Search for what [? for help]? mut Unknown command.
Search for what [Enter for "mut", or ? for help]?
Unknown command.
Unknown command.
You see here a ball python corpse.
Found a mace.
You now have 167 gold pieces (gained 7).
You now have 177 gold pieces (gained 10).
You see here a +0 mace.
h - a glowing ruby potion
i - a scroll labelled HOERHU IXZOMN
Found a spear.
Found a plate armour.
Ijyb the Twisted Goblin comes into view.
She is wielding a +0 club and carrying a wand of acid (7).
Found 19 gold pieces.
Ijyb shouts!
Ijyb zaps a wand.
The bolt of acid hits you! Ijyb barely misses you.
You closely miss Ijyb. Your peck misses Ijyb. Ijyb misses you.
Ijyb zaps a wand.
The bolt of acid hits you!!
Ouch! That really hurt!
You die...

...........##........
#
...........####......
#
#..........####......
≈≈
#...................#
≈≈
#...................#
......).......######
...##........#
######...........
.......@.........
.......g.####.[...
.....$..... .....
...........# $..
...........#
####.......#
#.......# #.......#


You could see Ijyb.

Vanquished Creatures
  Jessica (D:3)
  An adder (D:2)
  A worm (D:2)
  5 dart slugs
  3 orcs (D:3)
  4 ball pythons
  4 bats
  3 endoplasms
  5 goblins
  4 hobgoblins
  3 jackals (D:1)
  5 frilled lizards
  3 kobolds
  A rat (D:2)
43 creatures vanquished.

Vanquished Creatures (others)
  5 plants (D:2)
5 creatures vanquished.

Grand Total: 48 creatures vanquished

Notes
Turn   | Place    | Note
-------+----------+-------------------------------------------
     0 | Abyss:1  | Antichthon the Formicid Abyssal Knight began the quest for
                  | the Orb.
     0 | Abyss:1  | Reached XP level 1. HP: 18/18 MP: 2/2
    29 | Abyss:1  | Found a corrupted altar of Lugonu.
    53 | Abyss:1  | Noticed a chaos spawn
    54 | D:1      | Escaped the Abyss
   264 | D:1      | Reached skill level 1 in Crossbows
   446 | D:1      | Reached XP level 2. HP: 24/24 MP: 3/3
  1031 | D:2      | Reached XP level 3. HP: 26/29 MP: 4/4
  1150 | D:2      | Found a faded altar of an unknown god.
  1169 | D:2      | Got Plato's Catalogue of Summoning
  1506 | D:2      | Found a basalt altar of Yredelemnul.
  1857 | D:2      | Reached XP level 4. HP: 26/35 MP: 5/5
  2322 | D:3      | Gained mutation: You are frail. (-10% HP) [potion of
                  | mutation]
  2322 | D:3      | Gained mutation: Your system is resistant to poisons.
                  | (rPois) [potion of mutation]
  2323 | D:3      | Lost mutation: You are frail. (-10% HP) [potion of
                  | mutation]
  2323 | D:3      | Lost mutation: Your system is resistant to poisons. (rPois)
                  | [potion of mutation]
  2323 | D:3      | Gained mutation: You occasionally shout uncontrollably at
                  | your foes. [potion of mutation]
  2323 | D:3      | Gained mutation: You have a beak for a mouth. [potion of
                  | mutation]
  2323 | D:3      | Gained mutation: Armour fits poorly on your strangely
                  | shaped body. [potion of mutation]
  2372 | D:3      | Noticed Jessica
  2377 | D:3      | Killed Jessica
  2560 | D:3      | Reached skill level 1 in Dodging
  3090 | D:3      | Noticed Ijyb
  3095 | D:3      | Killed from afar by Ijyb

Illustrated notes

Levels and vault maps discovered:
D:1:      nzn_arrival_water_spiral, layout_loops_ring, roderic_lattice_a,
          columned_hall_lemuel, dk_noncrumbling_4, minmay_misc_feat_diagonals
D:2:      layout_basic, shapermc_ecumenical_altar_rom_forum, basic_altar,
          serial_bayou, serial_bayou_lagoon_a, serial_bayou_pond_d,
          serial_bayou_shore_a, serial_bayou_pond_d
D:3:      layout_basic, kennysheep_orc_sif_temple, uniq_sigmund, uniq_jessica,
          uniq_ijyb

Skill      XL: |  1  2  3  4 |
---------------+-------------+-----
Crossbows      | 1 2 3 |  3.3
Dodging        | 1 |  1.0
Fighting       | |  3.5
Axes           | |  2.2
Armour         | |  2.5
Stealth        | |  0.1
Shields        | |  0.3
Invocations    | |  2.2
Evocations     | |  0.3

Action                   |  1- 3 |  4- 6 || total
-------------------------+-------+-------++-------
Melee: Hand axe          |    92 |     7 ||    99
       Battleaxe         |       |    32 ||    32
       Peck              |       |     4 ||     4
Invok: Depart the Abyss  |     1 |       ||     1
  Use: Scroll            |       |     6 ||     6
       Potion            |       |     2 ||     2
Armor: Leather armour    |    46 |    15 ||    61
Dodge: Dodged            |    75 |    29 ||   104

Table legend: (Time is in decaauts)
 A = Elapsed time spent in this place.
 B = Non-inter-level travel time spent in this place.
 C = Inter-level travel time spent in this place.
 D = Time resting spent in this place.
 E = Time spent auto-exploring this place.
 F = Levels seen in this place.
 G = Mean time per level.
                   A        B        C        D        E       F      G
               +--------+--------+--------+--------+--------+-----+--------+
         Total |   3157 |   3109 |     48 |      0 |   2596 |   4 |  789.2 |
       Dungeon |   3103 |   3055 |     48 |      0 |   2544 |   3 | 1034.3 |
         Abyss |     54 |     54 |      0 |      0 |     52 |   1 |   54.0 |
               +--------+--------+--------+--------+--------+-----+--------+

Top non-repeatable levels by time:
     D:2: 1299 daAuts
     D:1: 983 daAuts
     D:3: 820 daAuts
 Abyss:1: 54 daAuts
